 Dungeon Crawl Stone Soup version 0.27.1-2-g3b301248ec (webtiles) character file.

Game seed: 18434213302596473356

1692 NineInchNils the Ruffian (level 8, -4/63 HPs)
             Began as a Demonspawn Gladiator on Sept 24, 2021.
             Was an Initiate of Makhleb.
             Slain by an orc warrior (9 damage)
             ... on level 6 of the Dungeon.
             The game lasted 00:14:16 (8423 turns).

NineInchNils the Ruffian (Demonspawn Gladiator)     Turns: 8423, Time: 00:14:17

Health: -4/63      AC:  9    Str: 17    XL:     8   Next: 72%
Magic:  9/9        EV: 10    Int:  9    God:    Makhleb [......]
Gold:   210        SH: 13    Dex: 15    Spells: 7/7 levels left

rFire    . . .     SeeInvis .     - Unarmed
rCold    . . .     Faith    .   c - +0 kite shield
rNeg     . . .     Spirit   .   i - +0 ring mail
rPois    .         Reflect  .   (helmet unavailable)
rElec    .         Harm     .   r - +0 cloak
rCorr    +         Rampage  .   (no gloves)
Will     .....                  h - +1 pair of boots
Stlth    +.........             (no amulet)
HPRegen  0.20/turn              q - ring of resist corrosion
MPRegen  0.11/turn              (no ring)

@: no status effects
A: horns 3, large bone plates 2, demonic guardian 1
a: Renounce Religion


You were on level 6 of the Dungeon.
You worshipped Makhleb.
Makhleb was noncommittal.
You visited 1 branch of the dungeon, and saw 6 of its levels.

You collected 210 gold pieces.

Inventory:

Armour
 a - a +0 leather armour
 c - a +0 kite shield (worn)
 h - a +1 pair of boots (worn)
 i - a +0 ring mail (worn)
 r - a +0 cloak (worn)
Jewellery
 q - a ring of resist corrosion (left hand)
 u - an amulet of magic regeneration
Scrolls
 g - a scroll of immolation {unknown}
 j - 3 scrolls of blinking
 k - a scroll of enchant armour {unknown}
 m - a scroll of magic mapping {unknown}
 n - a scroll of fear {unknown}
 p - 3 scrolls of teleportation {unknown}
 s - a scroll of noise {unknown}
Potions
 f - a potion of invisibility


   Skills:
 * Level 5.6 Fighting
 - Level 2.0 Throwing
 + Level 4.2 Armour
 + Level 5.2 Dodging
 + Level 0.0 Shields
 + Level 6.7 Unarmed Combat
 + Level 1.7 Invocations


You had 7 spell levels left.
You didn't know any spells.
Your spell library contained the following spells:

 Spells                   Type           Power      Damage    Failure   Level
 Magic Dart               Conj           0%         1d3       99%         1
 Call Imp                 Summ           0%         N/A       100%        2
 Mephitic Cloud           Conj/Pois/Air  0%         N/A       100%        3


Dungeon Overview and Level Annotations

Branches:
Dungeon (6/15)
 Temple: D:4-7

Altars:
Ashenzari
Cheibriados
Elyvilon
Fedhas
Makhleb
Okawaru
Trog


Innate Abilities, Weirdness & Mutations

You have a pair of large horns on your head.
You are mostly covered in large bone plates. (SH +6)
A weak demonic guardian rushes to your aid.


Message History

Things that are here:
a +0 robe; a +0 dagger
There is a stone staircase leading down, spattered with blood here.
You climb downwards.
There is a stone staircase leading up, spattered with blood here.
The orc warrior hits you from afar with a +0 trident!
The orc warrior hits you with a +0 trident!
You hit the orc warrior. You headbutt the orc warrior.
The orc warrior is moderately wounded.
The orc warrior hits you with a +0 trident.
You hit the orc warrior but do no damage.
The orc warrior is moderately wounded.
The orc warrior hits you with a +0 trident.
A demonic guardian appears!
You are too injured to fight recklessly!
You are too injured to fight recklessly!
You hit the orc warrior but do no damage.
Your headbutt misses the orc warrior.
The orc warrior is moderately wounded.
The orc warrior hits you with a +0 trident.
Your white imp hits the orc warrior but does no damage.
You barely miss the orc warrior.
You headbutt the orc warrior, but do no damage.
The orc warrior is moderately wounded.
The orc warrior hits you with a +0 trident!
* * * LOW HITPOINT WARNING * * *
Your white imp barely misses the orc warrior.
You hit the orc warrior but do no damage.
You headbutt the orc warrior.
The orc warrior is heavily wounded.
You block the orc warrior's attack.
Your white imp hits the orc warrior but does no damage.
The orc warrior hits you with a +0 trident!
* * * LOW HITPOINT WARNING * * *
You hit the orc warrior but do no damage.
Your headbutt misses the orc warrior.
The orc warrior is heavily wounded.
Your white imp closely misses the orc warrior.
The orc warrior hits you with a +0 trident!
You die...

#.........# #######
#......#### #.....#
#......# #...... #......#
#......
#######......########......
...........................
#######..<#+##############.
########.......##### ##
.......'...@5.......
########....o..#####
#......)# #.......#
#.......# ###+#'### #.#.#
####( ##'#'#...... ###
#...go......


You could see an orc warrior (ally target) and a friendly white imp (summoned).

Vanquished Creatures
  Grinder (D:4)
  Sigmund (D:4)
  Eustachio (D:5)
  Edmund (D:5)
  An orc warrior (D:5)
  A sky beast (D:5)
  A gnoll sergeant (D:5)
  Dowan (D:4)
  A howler monkey (D:5)
  A centaur zombie (D:5)
  2 hounds
  A bullfrog zombie (D:6)
  Crazy Yiuf (D:4)
  An orc priest (D:6)
  A bullfrog skeleton (D:5)
  2 iguanas (D:4)
  2 orc wizards (D:5)
  8 adders
  5 gnolls
  A shadow imp (D:6)
  An adder skeleton (D:4)
  4 worms
  2 dart slugs
  17 orcs
  10 ball pythons
  5 bats
  5 endoplasms
  6 goblins
  4 hobgoblins
  A jackal (D:1)
  6 quokkas
  3 frilled lizards (D:3)
  5 kobolds
  5 rats
108 creatures vanquished.

Vanquished Creatures (collateral kills)
  Menkaure (D:5)
  Duvessa (D:4)
  An orc wizard (D:5)
  A hound zombie (D:5)
  An orc (D:4)
5 creatures vanquished.

Grand Total: 113 creatures vanquished

Notes
Turn   | Place    | Note
-------+----------+-------------------------------------------
     0 | D:1      | NineInchNils the Demonspawn Gladiator began the quest for
                  | the Orb.
     0 | D:1      | Reached XP level 1. HP: 16/16 MP: 1/1
   314 | D:1      | Gained mutation: You are partially covered in large bone
                  | plates. (SH +4) [demonic ancestry]
   314 | D:1      | Reached XP level 2. HP: 21/22 MP: 2/2
   464 | D:1      | Reached skill level 3 in Unarmed Combat
   530 | D:1      | Found a faded altar of an unknown god.
  1017 | D:2      | Reached XP level 3. HP: 28/28 MP: 3/3
  1182 | D:2      | Reached skill level 1 in Armour
  1724 | D:2      | Gained mutation: You are mostly covered in large bone
                  | plates. (SH +6) [demonic ancestry]
  1724 | D:2      | Reached XP level 4. HP: 34/34 MP: 4/4
  2752 | D:3      | Found a broken altar of Ashenzari.
  2756 | D:3      | Found a snail-covered altar of Cheibriados.
  3008 | D:3      | Found a bloodstained altar of Trog.
  3278 | D:4      | Found an iron altar of Okawaru.
  3318 | D:4      | Gained mutation: A weak demonic guardian rushes to your
                  | aid. [demonic ancestry]
  3318 | D:4      | Reached XP level 5. HP: 40/40 MP: 5/5
  3331 | D:4      | Noticed Grinder
  3366 | D:4      | Killed Grinder
  3367 | D:4      | Reached skill level 4 in Unarmed Combat
  3367 | D:4      | Gained mutation: You have a pair of small horns on your
                  | head. [demonic ancestry]
  3367 | D:4      | Reached XP level 6. HP: 14/47 MP: 6/6
  3659 | D:4      | Noticed Sigmund
  3672 | D:4      | Killed Sigmund
  3673 | D:4      | Reached skill level 5 in Unarmed Combat
  3739 | D:4      | Noticed Duvessa
  3740 | D:4      | Noticed Dowan
  3751 | D:4      | Killed Duvessa
  3752 | D:4      | Gained mutation: You have a pair of horns on your head.
                  | [demonic ancestry]
  3752 | D:4      | Reached XP level 7. HP: 12/53 MP: 7/7
  3757 | D:4      | Killed Dowan
  4375 | D:4      | Found a runed translucent door.
  4376 | D:4      | Noticed Crazy Yiuf
  4399 | D:4      | Killed Crazy Yiuf
  4747 | D:5      | Entered Level 5 of the Dungeon
  4871 | D:5      | Noticed Menkaure
  4882 | D:5      | Killed Menkaure
  5176 | D:5      | Noticed Eustachio
  5201 | D:5      | Noticed Edmund
  5215 | D:5      | Killed Eustachio
  5216 | D:5      | Reached skill level 6 in Unarmed Combat
  5216 | D:5      | Gained mutation: You have a pair of large horns on your
                  | head. [demonic ancestry]
  5216 | D:5      | Reached XP level 8. HP: 49/61 MP: 8/8
  5241 | D:5      | Killed Edmund
  5458 | D:5      | Found a blossoming altar of Fedhas.
  5985 | D:5      | Found a burning altar of Makhleb.
  6009 | D:5      | Became a worshipper of Makhleb the Destroyer
  6391 | D:6      | Reached skill level 5 in Fighting
  6442 | D:5      | HP: 2/62 [poisoned by a gnoll sergeant]
  6443 | D:5      | Reached skill level 5 in Dodging
  7232 | D:5      | HP: 2/62 [orc warrior/boomerang (7)]
  7556 | D:5      | HP: 2/62 [orc warrior (23)]
  7871 | D:5      | Reached skill level 1 in Invocations
  8423 | D:6      | Slain by an orc warrior

Illustrated notes

Levels and vault maps discovered:
D:1:      onia_arrival_mini_spirals, layout_loops_ring,
          hellmonk_ecumenical_altar_crossroads, st_stairs_4,
          minmay_misc_feat_encased, ebering_dispersal_statue_hall,
          minmay_tetromino_s2
D:2:      layout_basic
D:3:      layout_loops_ring, trog_book, nicolae_overflow_hidden_temple,
          serial_bayou_pond_a, st_stairs_10
D:4:      layout_rooms, nicolae_elyvilon_peaceful_grove, general_overflow_altar,
          grunt_ministairs_5, corexii_checkpoint_a, uniq_grinder,
          uniq_crazy_yiuf_cottage, uniq_duvessa, uniq_sigmund
D:5:      layout_loops_ring, lemuel_tele_altar, fedhas_altar_1, serial_rivers,
          chequers_serial_rivers_room_b, chequers_serial_rivers_small_b,
          chequers_serial_rivers_large_a, chequers_serial_rivers_micro_a,
          grunt_ministairs_15, uniq_menkaure, uniq_edmund, uniq_eustachio
D:6:      layout_basic, uniq_pikel

Skill      XL: |  1  2  3  4  5  6  7  8 |
---------------+-------------------------+-----
Unarmed Combat | 3 4 5 6 |  6.7
Throwing       | 2 |  2.0
Dodging        | 3 4 5 |  5.2
Armour         | 1 2 3 4 |  4.2
Fighting       | 3 4 5 |  5.6
Invocations    | 1 |  1.7

Action                   |  1- 3 |  4- 6 |  7- 9 || total
-------------------------+-------+-------+-------++-------
Melee: Unarmed           |   134 |   180 |   282 ||   596
       Punch             |     1 |     3 |    10 ||    14
       Headbutt          |       |     5 |    57 ||    62
Throw: Throwing net      |       |     1 |     2 ||     3
  Use: Scroll            |       |     2 |     3 ||     5
       Potion            |       |     1 |     5 ||     6
 Stab: Sleeping          |     1 |       |       ||     1
       Held in net/web   |       |       |     1 ||     1
Armor: Leather armour    |    15 |       |       ||    15
       Ring mail         |    16 |    57 |    87 ||   160
Dodge: Dodged            |    58 |    94 |   154 ||   306
Block: Other             |    14 |    47 |    90 ||   151
       Kite shield       |       |       |     1 ||     1
